Workbook

Sheet 2013 Rfdg
A1: SALADO INDEPENDENT SCHOOL DISTRICT
A2: (Bell County, Texas)
A4: Unlimited Tax Refunding Bonds
A5: Series 2013
A7: Debt Service Schedule
A9: Due | B9: Principal | C9: Int.Rate | D9: Interest | E9: Total | F9: Fisc Total
A10: 45519 | D10: =+B10*C10/2 -> 0 | E10: =+B10+D10 -> 0
A11: 45703 | B11: 30000 | C11: 0 | D11: 890000 | E11: =+B11+D11 -> 920000 | F11: =+E10+E11 -> 920000
B12: =SUM(B10:B11) -> 30000 | D12: =SUM(D10:D11) -> 890000 | E12: =SUM(E10:E11) -> 920000 | F12: =SUM(F10:F11) -> 920000
A14: Notes: | B14: Original Issue Size: | D14: 8625000
B15: Payable through US Bank, Houston.

Sheet 2019 Bldg
A1: SALADO INDEPENDENT SCHOOL DISTRICT
A2: (Bell County, Texas)
A4: Unlimited Tax School Building Bonds
A5: Series 2019
A7: Debt Service Schedule
A9: Due | B9: Principal | C9: Int.Rate | D9: Interest | E9: Total | F9: Fisc Total
A10: 45519 | D10: =+B10*C10/2+D11 -> 905900 | E10: =+B10+D10 -> 905900
A11: 45703 | B11: 960000 | C11: 0.05 | D11: =+B11*C11/2+D12 -> 905900 | E11: =+B11+D11 -> 1865900 | F11: =+E10+E11 -> 2771800
A12: 45884 | D12: =+B12*C12/2+D13 -> 881900 | E12: =+B12+D12 -> 881900
A13: 46068 | B13: 1010000 | C13: 0.05 | D13: =+B13*C13/2+D14 -> 881900 | E13: =+B13+D13 -> 1891900 | F13: =+E12+E13 -> 2773800
A14: 46249 | D14: =+B14*C14/2+D15 -> 856650 | E14: =+B14+D14 -> 856650
A15: 46433 | B15: 1060000 | C15: 0.05 | D15: =+B15*C15/2+D16 -> 856650 | E15: =+B15+D15 -> 1916650 | F15: =+E14+E15 -> 2773300
A16: 46614 | D16: =+B16*C16/2+D17 -> 830150 | E16: =+B16+D16 -> 830150
A17: 46798 | B17: 1115000 | C17: 0.05 | D17: =+B17*C17/2+D18 -> 830150 | E17: =+B17+D17 -> 1945150 | F17: =+E16+E17 -> 2775300
A18: 46980 | D18: =+B18*C18/2+D19 -> 802275 | E18: =+B18+D18 -> 802275
A19: 47164 | B19: 1170000 | C19: 0.05 | D19: =+B19*C19/2+D20 -> 802275 | E19: =+B19+D19 -> 1972275 | F19: =+E18+E19 -> 2774550
A20: 47345 | D20: =+B20*C20/2+D21 -> 773025 | E20: =+B20+D20 -> 773025
A21: 47529 | B21: 1230000 | C21: 0.03 | D21: =+B21*C21/2+D22 -> 773025 | E21: =+B21+D21 -> 2003025 | F21: =+E20+E21 -> 2776050
A22: 47710 | D22: =+B22*C22/2+D23 -> 754575 | E22: =+B22+D22 -> 754575
A23: 47894 | B23: 1265000 | C23: 0.03 | D23: =+B23*C23/2+D24 -> 754575 | E23: =+B23+D23 -> 2019575 | F23: =+E22+E23 -> 2774150
A24: 48075 | D24: =+B24*C24/2+D25 -> 735600 | E24: =+B24+D24 -> 735600
A25: 48259 | B25: 1300000 | C25: 0.05 | D25: =+B25*C25/2+D26 -> 735600 | E25: =+B25+D25 -> 2035600 | F25: =+E24+E25 -> 2771200
A26: 48441 | D26: =+B26*C26/2+D27 -> 703100 | E26: =+B26+D26 -> 703100
A27: 48625 | B27: 1365000 | C27: 0.05 | D27: =+B27*C27/2+D28 -> 703100 | E27: =+B27+D27 -> 2068100 | F27: =+E26+E27 -> 2771200
A28: 48806 | D28: =+B28*C28/2+D29 -> 668975 | E28: =+B28+D28 -> 668975
A29: 48990 | B29: 1435000 | C29: 0.05 | D29: =+B29*C29/2+D30 -> 668975 | E29: =+B29+D29 -> 2103975 | F29: =+E28+E29 -> 2772950
A30: 49171 | D30: =+B30*C30/2+D31 -> 633100 | E30: =+B30+D30 -> 633100
A31: 49355 | B31: 1505000 | C31: 0.04 | D31: =+B31*C31/2+D32 -> 633100 | E31: =+B31+D31 -> 2138100 | F31: =+E30+E31 -> 2771200
A32: 49536 | D32: =+B32*C32/2+D33 -> 603000 | E32: =+B32+D32 -> 603000
A33: 49720 | B33: 1570000 | C33: 0.04 | D33: =+B33*C33/2+D34 -> 603000 | E33: =+B33+D33 -> 2173000 | F33: =+E32+E33 -> 2776000
A34: 49902 | D34: =+B34*C34/2+D35 -> 571600 | E34: =+B34+D34 -> 571600
A35: 50086 | B35: 1630000 | C35: 0.04 | D35: =+B35*C35/2+D36 -> 571600 | E35: =+B35+D35 -> 2201600 | F35: =+E34+E35 -> 2773200
A36: 50267 | D36: =+B36*C36/2+D37 -> 539000 | E36: =+B36+D36 -> 539000
A37: 50451 | B37: 1695000 | C37: 0.04 | D37: =+B37*C37/2+D38 -> 539000 | E37: =+B37+D37 -> 2234000 | F37: =+E36+E37 -> 2773000
A38: 50632 | D38: =+B38*C38/2+D39 -> 505100 | E38: =+B38+D38 -> 505100
A39: 50816 | B39: 1765000 | C39: 0.04 | D39: =+B39*C39/2+D40 -> 505100 | E39: =+B39+D39 -> 2270100 | F39: =+E38+E39 -> 2775200
A40: 50997 | D40: =+B40*C40/2+D41 -> 469800 | E40: =+B40+D40 -> 469800
A41: 51181 | B41: 1835000 | C41: 0.04 | D41: =+B41*C41/2+D42 -> 469800 | E41: =+B41+D41 -> 2304800 | F41: =+E40+E41 -> 2774600
A42: 51363 | D42: =+B42*C42/2+D43 -> 433100 | E42: =+B42+D42 -> 433100
A43: 51547 | B43: 1905000 | C43: 0.04 | D43: =+B43*C43/2+D44 -> 433100 | E43: =+B43+D43 -> 2338100 | F43: =+E42+E43 -> 2771200
A44: 51728 | D44: =+B44*C44/2+D45 -> 395000 | E44: =+B44+D44 -> 395000
A45: 51912 | B45: 1985000 | C45: 0.04 | D45: =+B45*C45/2+D46 -> 395000 | E45: =+B45+D45 -> 2380000 | F45: =+E44+E45 -> 2775000
A46: 52093 | D46: =+B46*C46/2+D47 -> 355300 | E46: =+B46+D46 -> 355300
A47: 52277 | B47: 2065000 | C47: 0.04 | D47: =+B47*C47/2+D48 -> 355300 | E47: =+B47+D47 -> 2420300 | F47: =+E46+E47 -> 2775600
A48: 52458 | D48: =+B48*C48/2+D49 -> 314000 | E48: =+B48+D48 -> 314000
A49: 52642 | B49: 2145000 | C49: 0.0375 | D49: =+B49*C49/2+D50 -> 314000 | E49: =+B49+D49 -> 2459000 | F49: =+E48+E49 -> 2773000
A50: 52824 | D50: =+B50*C50/2+D51 -> 273781.25 | E50: =+B50+D50 -> 273781.25
A51: 53008 | B51: 2225000 | C51: 0.0375 | D51: =+B51*C51/2+D52 -> 273781.25 | E51: =+B51+D51 -> 2498781.2 | F51: =+E50+E51 -> 2772562.5
A52: 53189 | D52: =+B52*C52/2+D53 -> 232062.5 | E52: =+B52+D52 -> 232062.5
A53: 53373 | B53: 2310000 | C53: 0.0375 | D53: =+B53*C53/2+D54 -> 232062.5 | E53: =+B53+D53 -> 2542062.5 | F53: =+E52+E53 -> 2774125
A54: 53554 | D54: =+B54*C54/2+D55 -> 188750 | E54: =+B54+D54 -> 188750
A55: 53738 | B55: 2395000 | C55: 0.05 | D55: =+B55*C55/2+D56 -> 188750 | E55: =+B55+D55 -> 2583750 | F55: =+E54+E55 -> 2772500
A56: 53919 | D56: =+B56*C56/2+D57 -> 128875 | E56: =+B56+D56 -> 128875
A57: 54103 | B57: 2515000 | C57: 0.05 | D57: =+B57*C57/2+D58 -> 128875 | E57: =+B57+D57 -> 2643875 | F57: =+E56+E57 -> 2772750
A58: 54285 | D58: =+B58*C58/2+D59 -> 66000 | E58: =+B58+D58 -> 66000
A59: 54469 | B59: 2640000 | C59: 0.05 | D59: =+B59*C59/2 -> 66000 | E59: =+B59+D59 -> 2706000 | F59: =+E58+E59 -> 2772000
B60: =SUM(B10:B59) -> 42095000 | D60: =SUM(D10:D59) -> 27241238 | E60: =SUM(E10:E59) -> 69336238 | F60: =SUM(F10:F59) -> 69336238
A62: Notes: | B62: Original Issue Size: | D62: 46180000
B63: Payable through US Bank, Houston.
B64: Callable beginning February 15, 2028 at par.

Sheet 2021 Rfdg
A1: SALADO INDEPENDENT SCHOOL DISTRICT
A2: (Bell County, Texas)
A4: Unlimited Tax Refunding Bonds
A5: Series 2021
A7: Debt Service Schedule
A9: Due | B9: Principal | C9: Int.Rate | D9: Interest | E9: Total | F9: Fisc Total
A10: 45519 | D10: =+B10*C10/2+D11 -> 123850 | E10: =+B10+D10 -> 123850
A11: 45703 | D11: =+B11*C11/2+D12 -> 123850 | E11: =+B11+D11 -> 123850 | F11: =+E10+E11 -> 247700
A12: 45884 | D12: =+B12*C12/2+D13 -> 123850 | E12: =+B12+D12 -> 123850
A13: 46068 | B13: 820000 | C13: 0.04 | D13: =+B13*C13/2+D14 -> 123850 | E13: =+B13+D13 -> 943850 | F13: =+E12+E13 -> 1067700
A14: 46249 | D14: =+B14*C14/2+D15 -> 107450 | E14: =+B14+D14 -> 107450
A15: 46433 | B15: 855000 | C15: 0.04 | D15: =+B15*C15/2+D16 -> 107450 | E15: =+B15+D15 -> 962450 | F15: =+E14+E15 -> 1069900
A16: 46614 | D16: =+B16*C16/2+D17 -> 90350 | E16: =+B16+D16 -> 90350
A17: 46798 | B17: 885000 | C17: 0.04 | D17: =+B17*C17/2+D18 -> 90350 | E17: =+B17+D17 -> 975350 | F17: =+E16+E17 -> 1065700
A18: 46980 | D18: =+B18*C18/2+D19 -> 72650 | E18: =+B18+D18 -> 72650
A19: 47164 | B19: 920000 | C19: 0.04 | D19: =+B19*C19/2+D20 -> 72650 | E19: =+B19+D19 -> 992650 | F19: =+E18+E19 -> 1065300
A20: 47345 | D20: =+B20*C20/2+D21 -> 54250 | E20: =+B20+D20 -> 54250
A21: 47529 | B21: 945000 | C21: 0.04 | D21: =+B21*C21/2+D22 -> 54250 | E21: =+B21+D21 -> 999250 | F21: =+E20+E21 -> 1053500 | H21: =+D20+D21 -> 108500
A22: 47710 | D22: =+B22*C22/2+D23 -> 35350 | E22: =+B22+D22 -> 35350
A23: 47894 | B23: 995000 | C23: 0.04 | D23: =+B23*C23/2+D24 -> 35350 | E23: =+B23+D23 -> 1030350 | F23: =+E22+E23 -> 1065700
A24: 48075 | D24: =+B24*C24/2+D25 -> 15450 | E24: =+B24+D24 -> 15450
A25: 48259 | B25: 1030000 | C25: 0.03 | D25: =+B25*C25/2 -> 15450 | E25: =+B25+D25 -> 1045450 | F25: =+E24+E25 -> 1060900
B26: =SUM(B10:B25) -> 6450000 | D26: =SUM(D10:D25) -> 1246400 | E26: =SUM(E10:E25) -> 7696400 | F26: =SUM(F10:F25) -> 7696400
A28: Notes: | B28: Original Issue Size: | D28: 6995000
B29: Payable through US Bank, Houston.
B30: Callable beginning February 15, 2031 at par.

Sheet 2024 Bldg
A1: SALADO INDEPENDENT SCHOOL DISTRICT
A2: (Bell County, Texas)
A4: Unlimited Tax School Building Bonds
A5: Series 2024
A7: Debt Service Schedule
A9: Due | B9: Principal | C9: Int.Rate | D9: Interest | E9: Total | F9: Fisc Total
A10: 45519
A11: 45703 | B11: 1705000 | C11: 0.05 | D11: =+(B11*C11/2+D12)/180*353 -> 4722306.5 | E11: =+B11+D11 -> 6427306.5 | F11: =+E10+E11 -> 6427306.5
A12: 45884 | D12: =+B12*C12/2+D13 -> 2365350 | E12: =+B12+D12 -> 2365350
A13: 46068 | B13: 1700000 | C13: 0.05 | D13: =+B13*C13/2+D14 -> 2365350 | E13: =+B13+D13 -> 4065350 | F13: =+E12+E13 -> 6430700
A14: 46249 | D14: =+B14*C14/2+D15 -> 2322850 | E14: =+B14+D14 -> 2322850
A15: 46433 | B15: 1785000 | C15: 0.05 | D15: =+B15*C15/2+D16 -> 2322850 | E15: =+B15+D15 -> 4107850 | F15: =+E14+E15 -> 6430700
A16: 46614 | D16: =+B16*C16/2+D17 -> 2278225 | E16: =+B16+D16 -> 2278225
A17: 46798 | B17: 1870000 | C17: 0.05 | D17: =+B17*C17/2+D18 -> 2278225 | E17: =+B17+D17 -> 4148225 | F17: =+E16+E17 -> 6426450
A18: 46980 | D18: =+B18*C18/2+D19 -> 2231475 | E18: =+B18+D18 -> 2231475
A19: 47164 | B19: 1965000 | C19: 0.05 | D19: =+B19*C19/2+D20 -> 2231475 | E19: =+B19+D19 -> 4196475 | F19: =+E18+E19 -> 6427950
A20: 47345 | D20: =+B20*C20/2+D21 -> 2182350 | E20: =+B20+D20 -> 2182350
A21: 47529 | B21: 2065000 | C21: 0.05 | D21: =+B21*C21/2+D22 -> 2182350 | E21: =+B21+D21 -> 4247350 | F21: =+E20+E21 -> 6429700
A22: 47710 | D22: =+B22*C22/2+D23 -> 2130725 | E22: =+B22+D22 -> 2130725
A23: 47894 | B23: 2170000 | C23: 0.05 | D23: =+B23*C23/2+D24 -> 2130725 | E23: =+B23+D23 -> 4300725 | F23: =+E22+E23 -> 6431450
A24: 48075 | D24: =+B24*C24/2+D25 -> 2076475 | E24: =+B24+D24 -> 2076475
A25: 48259 | B25: 2275000 | C25: 0.05 | D25: =+B25*C25/2+D26 -> 2076475 | E25: =+B25+D25 -> 4351475 | F25: =+E24+E25 -> 6427950
A26: 48441 | D26: =+B26*C26/2+D27 -> 2019600 | E26: =+B26+D26 -> 2019600
A27: 48625 | B27: 2390000 | C27: 0.05 | D27: =+B27*C27/2+D28 -> 2019600 | E27: =+B27+D27 -> 4409600 | F27: =+E26+E27 -> 6429200
A28: 48806 | D28: =+B28*C28/2+D29 -> 1959850 | E28: =+B28+D28 -> 1959850
A29: 48990 | B29: 2510000 | C29: 0.05 | D29: =+B29*C29/2+D30 -> 1959850 | E29: =+B29+D29 -> 4469850 | F29: =+E28+E29 -> 6429700
A30: 49171 | D30: =+B30*C30/2+D31 -> 1897100 | E30: =+B30+D30 -> 1897100
A31: 49355 | B31: 2635000 | C31: 0.05 | D31: =+B31*C31/2+D32 -> 1897100 | E31: =+B31+D31 -> 4532100 | F31: =+E30+E31 -> 6429200
A32: 49536 | D32: =+B32*C32/2+D33 -> 1831225 | E32: =+B32+D32 -> 1831225
A33: 49720 | B33: 2765000 | C33: 0.05 | D33: =+B33*C33/2+D34 -> 1831225 | E33: =+B33+D33 -> 4596225 | F33: =+E32+E33 -> 6427450
A34: 49902 | D34: =+B34*C34/2+D35 -> 1762100 | E34: =+B34+D34 -> 1762100
A35: 50086 | B35: 2905000 | C35: 0.05 | D35: =+B35*C35/2+D36 -> 1762100 | E35: =+B35+D35 -> 4667100 | F35: =+E34+E35 -> 6429200
A36: 50267 | D36: =+B36*C36/2+D37 -> 1689475 | E36: =+B36+D36 -> 1689475
A37: 50451 | B37: 3050000 | C37: 0.05 | D37: =+B37*C37/2+D38 -> 1689475 | E37: =+B37+D37 -> 4739475 | F37: =+E36+E37 -> 6428950
A38: 50632 | D38: =+B38*C38/2+D39 -> 1613225 | E38: =+B38+D38 -> 1613225
A39: 50816 | B39: 3200000 | C39: 0.05 | D39: =+B39*C39/2+D40 -> 1613225 | E39: =+B39+D39 -> 4813225 | F39: =+E38+E39 -> 6426450
A40: 50997 | D40: =+B40*C40/2+D41 -> 1533225 | E40: =+B40+D40 -> 1533225
A41: 51181 | B41: 3365000 | C41: 0.05 | D41: =+B41*C41/2+D42 -> 1533225 | E41: =+B41+D41 -> 4898225 | F41: =+E40+E41 -> 6431450
A42: 51363 | D42: =+B42*C42/2+D43 -> 1449100 | E42: =+B42+D42 -> 1449100
A43: 51547 | B43: 3530000 | C43: 0.05 | D43: =+B43*C43/2+D44 -> 1449100 | E43: =+B43+D43 -> 4979100 | F43: =+E42+E43 -> 6428200
A44: 51728 | D44: =+B44*C44/2+D45 -> 1360850 | E44: =+B44+D44 -> 1360850
A45: 51912 | B45: 3705000 | C45: 0.05 | D45: =+B45*C45/2+D46 -> 1360850 | E45: =+B45+D45 -> 5065850 | F45: =+E44+E45 -> 6426700
A46: 52093 | D46: =+B46*C46/2+D47 -> 1268225 | E46: =+B46+D46 -> 1268225
A47: 52277 | B47: 3895000 | C47: 0.05 | D47: =+B47*C47/2+D48 -> 1268225 | E47: =+B47+D47 -> 5163225 | F47: =+E46+E47 -> 6431450
A48: 52458 | D48: =+B48*C48/2+D49 -> 1170850 | E48: =+B48+D48 -> 1170850
A49: 52642 | B49: 4085000 | C49: 0.05 | D49: =+B49*C49/2+D50 -> 1170850 | E49: =+B49+D49 -> 5255850 | F49: =+E48+E49 -> 6426700
A50: 52824 | D50: =+B50*C50/2+D51 -> 1068725 | E50: =+B50+D50 -> 1068725
A51: 53008 | B51: 4290000 | C51: 0.04 | D51: =+B51*C51/2+D52 -> 1068725 | E51: =+B51+D51 -> 5358725 | F51: =+E50+E51 -> 6427450
A52: 53189 | D52: =+B52*C52/2+D53 -> 982925 | E52: =+B52+D52 -> 982925
A53: 53373 | B53: 4465000 | C53: 0.04 | D53: =+B53*C53/2+D54 -> 982925 | E53: =+B53+D53 -> 5447925 | F53: =+E52+E53 -> 6430850
A54: 53554 | D54: =+B54*C54/2+D55 -> 893625 | E54: =+B54+D54 -> 893625
A55: 53738 | B55: 4640000 | C55: 0.04 | D55: =+B55*C55/2+D56 -> 893625 | E55: =+B55+D55 -> 5533625 | F55: =+E54+E55 -> 6427250
A56: 53919 | D56: =+B56*C56/2+D57 -> 800825 | E56: =+B56+D56 -> 800825
A57: 54103 | B57: 4825000 | C57: 0.04 | D57: =+B57*C57/2+D58 -> 800825 | E57: =+B57+D57 -> 5625825 | F57: =+E56+E57 -> 6426650
A58: 54285 | D58: =+B58*C58/2+D59 -> 704325 | E58: =+B58+D58 -> 704325
A59: 54469 | B59: 5020000 | C59: 0.04 | D59: =+B59*C59/2+D60 -> 704325 | E59: =+B59+D59 -> 5724325 | F59: =+E58+E59 -> 6428650
A60: 54650 | D60: =+B60*C60/2+D61 -> 603925 | E60: =+B60+D60 -> 603925
A61: 54834 | B61: 5220000 | C61: 0.0425 | D61: =+B61*C61/2+D62 -> 603925 | E61: =+B61+D61 -> 5823925 | F61: =+E60+E61 -> 6427850
A62: 55015 | D62: =+B62*C62/2+D63 -> 493000 | E62: =+B62+D62 -> 493000
A63: 55199 | B63: 5445000 | C63: 0.0425 | D63: =+B63*C63/2+D64 -> 493000 | E63: =+B63+D63 -> 5938000 | F63: =+E62+E63 -> 6431000
A64: 55380 | D64: =+B64*C64/2+D65 -> 377293.75 | E64: =+B64+D64 -> 377293.75
A65: 55564 | B65: 5675000 | C65: 0.0425 | D65: =+B65*C65/2+D66 -> 377293.75 | E65: =+B65+D65 -> 6052293.8 | F65: =+E64+E65 -> 6429587.5
A66: 55746 | D66: =+B66*C66/2+D67 -> 256700 | E66: =+B66+D66 -> 256700
A67: 55930 | B67: 5915000 | C67: 0.0425 | D67: =+B67*C67/2+D68 -> 256700 | E67: =+B67+D67 -> 6171700 | F67: =+E66+E67 -> 6428400
A68: 56111 | D68: =+B68*C68/2+D69 -> 131006.25 | E68: =+B68+D68 -> 131006.25
A69: 56295 | B69: 6165000 | C69: 0.0425 | D69: =+B69*C69/2 -> 131006.25 | E69: =+B69+D69 -> 6296006.2 | F69: =+E68+E69 -> 6427012.5
B70: =SUM(B10:B69) -> 105230000 | D70: =SUM(D10:D69) -> 87631557 | E70: =SUM(E10:E69) -> 1.9286156e+08 | F70: =SUM(F10:F69) -> 1.9286156e+08
A72: Notes: | B72: Original Issue Size: | D72: 105230000
B73: Payable through US Bank, Houston.
B74: Callable beginning February 15, 2033 at par.

Sheet 2024 Rfdg
A1: SALADO INDEPENDENT SCHOOL DISTRICT
A2: (Bell County, Texas)
A4: Unlimited Tax Refunding Bonds
A5: Series 2024
A7: Debt Service Schedule
A9: Due | B9: Principal | C9: Int.Rate | D9: Interest | E9: Total | F9: Fisc Total
A10: 45519 | D10: =+(B10*C10/2+D11)/180*152 -> 83093.333 | E10: =+B10+D10 -> 83093.333
A11: 45703 | B11: 20000 | C11: 0.04 | D11: =+(B11*C11/2+D12) -> 98400 | E11: =+B11+D11 -> 118400 | F11: =+E10+E11 -> 201493.33
A12: 45884 | D12: =+B12*C12/2+D13 -> 98000 | E12: =+B12+D12 -> 98000
A13: 46068 | D13: =+B13*C13/2+D14 -> 98000 | E13: =+B13+D13 -> 98000 | F13: =+E12+E13 -> 196000
A14: 46249 | D14: =+B14*C14/2+D15 -> 98000 | E14: =+B14+D14 -> 98000
A15: 46433 | D15: =+B15*C15/2+D16 -> 98000 | E15: =+B15+D15 -> 98000 | F15: =+E14+E15 -> 196000
A16: 46614 | D16: =+B16*C16/2+D17 -> 98000 | E16: =+B16+D16 -> 98000
A17: 46798 | D17: =+B17*C17/2+D18 -> 98000 | E17: =+B17+D17 -> 98000 | F17: =+E16+E17 -> 196000
A18: 46980 | D18: =+B18*C18/2+D19 -> 98000 | E18: =+B18+D18 -> 98000
A19: 47164 | D19: =+B19*C19/2+D20 -> 98000 | E19: =+B19+D19 -> 98000 | F19: =+E18+E19 -> 196000
A20: 47345 | D20: =+B20*C20/2+D21 -> 98000 | E20: =+B20+D20 -> 98000
A21: 47529 | D21: =+B21*C21/2+D22 -> 98000 | E21: =+B21+D21 -> 98000 | F21: =+E20+E21 -> 196000
A22: 47710 | D22: =+B22*C22/2+D23 -> 98000 | E22: =+B22+D22 -> 98000
A23: 47894 | D23: =+B23*C23/2+D24 -> 98000 | E23: =+B23+D23 -> 98000 | F23: =+E22+E23 -> 196000
A24: 48075 | D24: =+B24*C24/2+D25 -> 98000 | E24: =+B24+D24 -> 98000
A25: 48259 | D25: =+B25*C25/2+D26 -> 98000 | E25: =+B25+D25 -> 98000 | F25: =+E24+E25 -> 196000
A26: 48441 | D26: =+B26*C26/2+D27 -> 98000 | E26: =+B26+D26 -> 98000
A27: 48625 | B27: 1155000 | C27: 0.04 | D27: =+B27*C27/2+D28 -> 98000 | E27: =+B27+D27 -> 1253000 | F27: =+E26+E27 -> 1351000
A28: 48806 | D28: =+B28*C28/2+D29 -> 74900 | E28: =+B28+D28 -> 74900
A29: 48990 | B29: 1200000 | C29: 0.04 | D29: =+B29*C29/2+D30 -> 74900 | E29: =+B29+D29 -> 1274900 | F29: =+E28+E29 -> 1349800
A30: 49171 | D30: =+B30*C30/2+D31 -> 50900 | E30: =+B30+D30 -> 50900
A31: 49355 | B31: 1250000 | C31: 0.04 | D31: =+B31*C31/2+D32 -> 50900 | E31: =+B31+D31 -> 1300900 | F31: =+E30+E31 -> 1351800
A32: 49536 | D32: =+B32*C32/2+D33 -> 25900 | E32: =+B32+D32 -> 25900
A33: 49720 | B33: 1295000 | C33: 0.04 | D33: =+B33*C33/2 -> 25900 | E33: =+B33+D33 -> 1320900 | F33: =+E32+E33 -> 1346800
B34: =SUM(B10:B33) -> 4920000 | D34: =SUM(D10:D33) -> 2052893.3 | E34: =SUM(E10:E33) -> 6972893.3 | F34: =SUM(F10:F33) -> 6972893.3
A36: Notes: | B36: Original Issue Size: | D36: 4920000
B37: Payable through US Bank, Houston.
B38: Callable beginning February 15, 2033 at par.

Sheet 2025 Bldg
A1: SALADO INDEPENDENT SCHOOL DISTRICT
A2: (Bell County, Texas)
A4: Unlimited Tax School Building Bonds
A5: Series 2025
A7: Debt Service Schedule
A9: Due | B9: Principal | C9: Int.Rate | D9: Interest | E9: Total | F9: Fisc Total
A10: 45519
A11: 45703
A12: 45884
A13: 45897 | D13: 19127.15
A14: 46068 | B14: 2095000 | C14: 0.05 | D14: =+(B14*C14/2+D15)/180*167 -> 1597117.3 | E14: =+B14+D14 -> 3692117.3 | F14: =+D13+E14 -> 3711244.4
A15: 46249 | D15: =+B15*C15/2+D16 -> 1669068.8 | E15: =+B15+D15 -> 1669068.8
A16: 46433 | B16: 1055000 | C16: 0.05 | D16: =+B16*C16/2+D17 -> 1669068.8 | E16: =+B16+D16 -> 2724068.8 | F16: =+E15+E16 -> 4393137.5
A17: 46614 | D17: =+B17*C17/2+D18 -> 1642693.8 | E17: =+B17+D17 -> 1642693.8
A18: 46798 | B18: 1105000 | C18: 0.05 | D18: =+B18*C18/2+D19 -> 1642693.8 | E18: =+B18+D18 -> 2747693.8 | F18: =+E17+E18 -> 4390387.5
A19: 46980 | D19: =+B19*C19/2+D20 -> 1615068.8 | E19: =+B19+D19 -> 1615068.8
A20: 47164 | B20: 1165000 | C20: 0.05 | D20: =+B20*C20/2+D21 -> 1615068.8 | E20: =+B20+D20 -> 2780068.8 | F20: =+E19+E20 -> 4395137.5
A21: 47345 | D21: =+B21*C21/2+D22 -> 1585943.8 | E21: =+B21+D21 -> 1585943.8
A22: 47529 | B22: 1220000 | C22: 0.05 | D22: =+B22*C22/2+D23 -> 1585943.8 | E22: =+B22+D22 -> 2805943.8 | F22: =+E21+E22 -> 4391887.5
A23: 47710 | D23: =+B23*C23/2+D24 -> 1555443.8 | E23: =+B23+D23 -> 1555443.8
A24: 47894 | B24: 1280000 | C24: 0.05 | D24: =+B24*C24/2+D25 -> 1555443.8 | E24: =+B24+D24 -> 2835443.8 | F24: =+E23+E24 -> 4390887.5
A25: 48075 | D25: =+B25*C25/2+D26 -> 1523443.8 | E25: =+B25+D25 -> 1523443.8
A26: 48259 | B26: 1345000 | C26: 0.05 | D26: =+B26*C26/2+D27 -> 1523443.8 | E26: =+B26+D26 -> 2868443.8 | F26: =+E25+E26 -> 4391887.5
A27: 48441 | D27: =+B27*C27/2+D28 -> 1489818.8 | E27: =+B27+D27 -> 1489818.8
A28: 48625 | B28: 1415000 | C28: 0.05 | D28: =+B28*C28/2+D29 -> 1489818.8 | E28: =+B28+D28 -> 2904818.8 | F28: =+E27+E28 -> 4394637.5
A29: 48806 | D29: =+B29*C29/2+D30 -> 1454443.8 | E29: =+B29+D29 -> 1454443.8
A30: 48990 | B30: 1485000 | C30: 0.05 | D30: =+B30*C30/2+D31 -> 1454443.8 | E30: =+B30+D30 -> 2939443.8 | F30: =+E29+E30 -> 4393887.5
A31: 49171 | D31: =+B31*C31/2+D32 -> 1417318.8 | E31: =+B31+D31 -> 1417318.8
A32: 49355 | B32: 1560000 | C32: 0.05 | D32: =+B32*C32/2+D33 -> 1417318.8 | E32: =+B32+D32 -> 2977318.8 | F32: =+E31+E32 -> 4394637.5
A33: 49536 | D33: =+B33*C33/2+D34 -> 1378318.8 | E33: =+B33+D33 -> 1378318.8
A34: 49720 | B34: 1635000 | C34: 0.05 | D34: =+B34*C34/2+D35 -> 1378318.8 | E34: =+B34+D34 -> 3013318.8 | F34: =+E33+E34 -> 4391637.5
A35: 49902 | D35: =+B35*C35/2+D36 -> 1337443.8 | E35: =+B35+D35 -> 1337443.8
A36: 50086 | B36: 1720000 | C36: 0.05 | D36: =+B36*C36/2+D37 -> 1337443.8 | E36: =+B36+D36 -> 3057443.8 | F36: =+E35+E36 -> 4394887.5
A37: 50267 | D37: =+B37*C37/2+D38 -> 1294443.8 | E37: =+B37+D37 -> 1294443.8
A38: 50451 | B38: 1805000 | C38: 0.05 | D38: =+B38*C38/2+D39 -> 1294443.8 | E38: =+B38+D38 -> 3099443.8 | F38: =+E37+E38 -> 4393887.5
A39: 50632 | D39: =+B39*C39/2+D40 -> 1249318.8 | E39: =+B39+D39 -> 1249318.8
A40: 50816 | B40: 1895000 | C40: 0.05 | D40: =+B40*C40/2+D41 -> 1249318.8 | E40: =+B40+D40 -> 3144318.8 | F40: =+E39+E40 -> 4393637.5
A41: 50997 | D41: =+B41*C41/2+D42 -> 1201943.8 | E41: =+B41+D41 -> 1201943.8
A42: 51181 | B42: 1990000 | C42: 0.05 | D42: =+B42*C42/2+D43 -> 1201943.8 | E42: =+B42+D42 -> 3191943.8 | F42: =+E41+E42 -> 4393887.5
A43: 51363 | D43: =+B43*C43/2+D44 -> 1152193.8 | E43: =+B43+D43 -> 1152193.8
A44: 51547 | B44: 2090000 | C44: 0.0525 | D44: =+B44*C44/2+D45 -> 1152193.8 | E44: =+B44+D44 -> 3242193.8 | F44: =+E43+E44 -> 4394387.5
A45: 51728 | D45: =+B45*C45/2+D46 -> 1097331.2 | E45: =+B45+D45 -> 1097331.2
A46: 51912 | B46: 2195000 | C46: 0.0525 | D46: =+B46*C46/2+D47 -> 1097331.2 | E46: =+B46+D46 -> 3292331.2 | F46: =+E45+E46 -> 4389662.5
A47: 52093 | D47: =+B47*C47/2+D48 -> 1039712.5 | E47: =+B47+D47 -> 1039712.5
A48: 52277 | B48: 2315000 | C48: 0.0525 | D48: =+B48*C48/2+D49 -> 1039712.5 | E48: =+B48+D48 -> 3354712.5 | F48: =+E47+E48 -> 4394425
A49: 52458 | D49: =+B49*C49/2+D50 -> 978943.75 | E49: =+B49+D49 -> 978943.75
A50: 52642 | B50: 2435000 | C50: 0.0525 | D50: =+B50*C50/2+D51 -> 978943.75 | E50: =+B50+D50 -> 3413943.8 | F50: =+E49+E50 -> 4392887.5
A51: 52824 | D51: =+B51*C51/2+D52 -> 915025 | E51: =+B51+D51 -> 915025
A52: 53008 | B52: 2560000 | C52: 0.0525 | D52: =+B52*C52/2+D53 -> 915025 | E52: =+B52+D52 -> 3475025 | F52: =+E51+E52 -> 4390050
A53: 53189 | D53: =+B53*C53/2+D54 -> 847825 | E53: =+B53+D53 -> 847825
A54: 53373 | B54: 2695000 | C54: 0.0475 | D54: =+B54*C54/2+D55 -> 847825 | E54: =+B54+D54 -> 3542825 | F54: =+E53+E54 -> 4390650
A55: 53554 | D55: =+B55*C55/2+D56 -> 783818.75 | E55: =+B55+D55 -> 783818.75
A56: 53738 | B56: 2825000 | C56: 0.0475 | D56: =+B56*C56/2+D57 -> 783818.75 | E56: =+B56+D56 -> 3608818.8 | F56: =+E55+E56 -> 4392637.5
A57: 53919 | D57: =+B57*C57/2+D58 -> 716725 | E57: =+B57+D57 -> 716725
A58: 54103 | B58: 2960000 | C58: 0.0475 | D58: =+B58*C58/2+D59 -> 716725 | E58: =+B58+D58 -> 3676725 | F58: =+E57+E58 -> 4393450
A59: 54285 | D59: =+B59*C59/2+D60 -> 646425 | E59: =+B59+D59 -> 646425
A60: 54469 | B60: 3100000 | C60: 0.0475 | D60: =+B60*C60/2+D61 -> 646425 | E60: =+B60+D60 -> 3746425 | F60: =+E59+E60 -> 4392850
A61: 54650 | D61: =+B61*C61/2+D62 -> 572800 | E61: =+B61+D61 -> 572800
A62: 54834 | B62: 3245000 | C62: 0.0475 | D62: =+B62*C62/2+D63 -> 572800 | E62: =+B62+D62 -> 3817800 | F62: =+E61+E62 -> 4390600
A63: 55015 | D63: =+B63*C63/2+D64 -> 495731.25 | E63: =+B63+D63 -> 495731.25
A64: 55199 | B64: 3400000 | C64: 0.0525 | D64: =+B64*C64/2+D65 -> 495731.25 | E64: =+B64+D64 -> 3895731.2 | F64: =+E63+E64 -> 4391462.5
A65: 55380 | D65: =+B65*C65/2+D66 -> 406481.25 | E65: =+B65+D65 -> 406481.25
A66: 55564 | B66: 3580000 | C66: 0.0525 | D66: =+B66*C66/2+D67 -> 406481.25 | E66: =+B66+D66 -> 3986481.2 | F66: =+E65+E66 -> 4392962.5
A67: 55746 | D67: =+B67*C67/2+D68 -> 312506.25 | E67: =+B67+D67 -> 312506.25
A68: 55930 | B68: 3765000 | C68: 0.0525 | D68: =+B68*C68/2+D69 -> 312506.25 | E68: =+B68+D68 -> 4077506.2 | F68: =+E67+E68 -> 4390012.5
A69: 56111 | D69: =+B69*C69/2+D70 -> 213675 | E69: =+B69+D69 -> 213675
A70: 56295 | B70: 3965000 | C70: 0.0525 | D70: =+B70*C70/2+D71 -> 213675 | E70: =+B70+D70 -> 4178675 | F70: =+E69+E70 -> 4392350
A71: 56476 | D71: =+B71*C71/2+D72 -> 109593.75 | E71: =+B71+D71 -> 109593.75
A72: 56660 | B72: 4175000 | C72: 0.0525 | D72: =+B72*C72/2 -> 109593.75 | E72: =+B72+D72 -> 4284593.8 | F72: =+E71+E72 -> 4394187.5
B73: =SUM(B10:B72) -> 68075000 | D73: =SUM(D10:D72) -> 63023244 | E73: =SUM(E10:E72) -> 1.3107912e+08 | F73: =SUM(F10:F72) -> 1.3109824e+08
A75: Notes: | B75: Original Issue Size: | D75: 68075000
B76: Payable through US Bank, Houston.
B77: Callable beginning February 15, 2034 at par.

Sheet Combined
A1: SALADO INDEPENDENT SCHOOL DISTRICT
A2: (Bell County, Texas)
A4: Combined Debt Requirement Schedule
A6: 45875
A8: Fiscal Year | B8: 2013 Rfdg Bonds | D8: 2019 Bldg Bonds | F8: 2021 Rfdg Bonds | H8: 2024 Bldg Bonds | J8: 2024 Rfdg Bonds | L8: 2025 Rfdg Bonds | N8: Combined Totals
A9: Ending | B9: Principal | C9: Interest | D9: Principal | E9: Interest | F9: Principal | G9: Interest | H9: Principal | I9: Interest | J9: Principal | K9: Interest | L9: Principal | M9: Interest | N9: Principal | O9: Interest | P9: Total | Q9: Fisc Total
C10: =+'2013 Rfdg'!D10 -> 0 | E10: =+'2019 Bldg'!D10 -> 905900 | G10: =+'2021 Rfdg'!D10 -> 123850 | K10: =+'2024 Rfdg'!D10 -> 83093.333 | O10: =+C10+E10+G10+I10+K10+M10 -> 1112843.3 | P10: =+N10+O10 -> 1112843.3 | S10: =+Q11 -> 10568300
A11: 45838 | B11: =+'2013 Rfdg'!B11 -> 30000 | C11: =+'2013 Rfdg'!D11 -> 890000 | D11: =+'2019 Bldg'!B11 -> 960000 | E11: =+'2019 Bldg'!D11 -> 905900 | F11: =+'2021 Rfdg'!B11 -> 0 | G11: =+'2021 Rfdg'!D11 -> 123850 | H11: =+'2024 Bldg'!B11 -> 1705000 | I11: =+'2024 Bldg'!D11 -> 4722306.5 | J11: =+'2024 Rfdg'!B11 -> 20000 | K11: =+'2024 Rfdg'!D11 -> 98400 | N11: =+B11+D11+F11+H11+J11+L11 -> 2715000 | O11: =+C11+E11+G11+I11+K11+M11 -> 6740456.5 | P11: =+N11+O11 -> 9455456.5 | Q11: =+P10+P11 -> 10568300 | S11: =+Q13 -> 14179444
E12: =+'2019 Bldg'!D12 -> 881900 | G12: =+'2021 Rfdg'!D12 -> 123850 | I12: =+'2024 Bldg'!D12 -> 2365350 | K12: =+'2024 Rfdg'!D12 -> 98000 | M12: =+'2025 Bldg'!D13 -> 19127.15 | O12: =+C12+E12+G12+I12+K12+M12 -> 3488227.1 | P12: =+N12+O12 -> 3488227.1 | S12: =+Q15 -> 14863038
A13: 46203 | D13: =+'2019 Bldg'!B13 -> 1010000 | E13: =+'2019 Bldg'!D13 -> 881900 | F13: =+'2021 Rfdg'!B13 -> 820000 | G13: =+'2021 Rfdg'!D13 -> 123850 | H13: =+'2024 Bldg'!B13 -> 1700000 | I13: =+'2024 Bldg'!D13 -> 2365350 | J13: =+'2024 Rfdg'!B13 -> 0 | K13: =+'2024 Rfdg'!D13 -> 98000 | L13: =+'2025 Bldg'!B14 -> 2095000 | M13: =+'2025 Bldg'!D14 -> 1597117.3 | N13: =+B13+D13+F13+H13+J13+L13 -> 5625000 | O13: =+C13+E13+G13+I13+K13+M13 -> 5066217.3 | P13: =+N13+O13 -> 10691217 | Q13: =+P12+P13 -> 14179444 | S13: =+Q17 -> 14853838
E14: =+'2019 Bldg'!D14 -> 856650 | G14: =+'2021 Rfdg'!D14 -> 107450 | I14: =+'2024 Bldg'!D14 -> 2322850 | K14: =+'2024 Rfdg'!D14 -> 98000 | M14: =+'2025 Bldg'!D15 -> 1669068.8 | O14: =+C14+E14+G14+I14+K14+M14 -> 5054018.8 | P14: =+N14+O14 -> 5054018.8 | S14: =+Q19 -> 14858938
A15: 46568 | D15: =+'2019 Bldg'!B15 -> 1060000 | E15: =+'2019 Bldg'!D15 -> 856650 | F15: =+'2021 Rfdg'!B15 -> 855000 | G15: =+'2021 Rfdg'!D15 -> 107450 | H15: =+'2024 Bldg'!B15 -> 1785000 | I15: =+'2024 Bldg'!D15 -> 2322850 | J15: =+'2024 Rfdg'!B15 -> 0 | K15: =+'2024 Rfdg'!D15 -> 98000 | L15: =+'2025 Bldg'!B16 -> 1055000 | M15: =+'2025 Bldg'!D16 -> 1669068.8 | N15: =+B15+D15+F15+H15+J15+L15 -> 4755000 | O15: =+C15+E15+G15+I15+K15+M15 -> 5054018.8 | P15: =+N15+O15 -> 9809018.8 | Q15: =+P14+P15 -> 14863038 | S15: =+Q21 -> 14847138
E16: =+'2019 Bldg'!D16 -> 830150 | G16: =+'2021 Rfdg'!D16 -> 90350 | I16: =+'2024 Bldg'!D16 -> 2278225 | K16: =+'2024 Rfdg'!D16 -> 98000 | M16: =+'2025 Bldg'!D17 -> 1642693.8 | O16: =+C16+E16+G16+I16+K16+M16 -> 4939418.8 | P16: =+N16+O16 -> 4939418.8 | S16: =+Q23 -> 14858188
A17: 46934 | D17: =+'2019 Bldg'!B17 -> 1115000 | E17: =+'2019 Bldg'!D17 -> 830150 | F17: =+'2021 Rfdg'!B17 -> 885000 | G17: =+'2021 Rfdg'!D17 -> 90350 | H17: =+'2024 Bldg'!B17 -> 1870000 | I17: =+'2024 Bldg'!D17 -> 2278225 | J17: =+'2024 Rfdg'!B17 -> 0 | K17: =+'2024 Rfdg'!D17 -> 98000 | L17: =+'2025 Bldg'!B18 -> 1105000 | M17: =+'2025 Bldg'!D18 -> 1642693.8 | N17: =+B17+D17+F17+H17+J17+L17 -> 4975000 | O17: =+C17+E17+G17+I17+K17+M17 -> 4939418.8 | P17: =+N17+O17 -> 9914418.8 | Q17: =+P16+P17 -> 14853838 | S17: =+Q25 -> 14847938
E18: =+'2019 Bldg'!D18 -> 802275 | G18: =+'2021 Rfdg'!D18 -> 72650 | I18: =+'2024 Bldg'!D18 -> 2231475 | K18: =+'2024 Rfdg'!D18 -> 98000 | M18: =+'2025 Bldg'!D19 -> 1615068.8 | O18: =+C18+E18+G18+I18+K18+M18 -> 4819468.8 | P18: =+N18+O18 -> 4819468.8 | S18: =+Q27 -> 14946038
A19: 47299 | D19: =+'2019 Bldg'!B19 -> 1170000 | E19: =+'2019 Bldg'!D19 -> 802275 | F19: =+'2021 Rfdg'!B19 -> 920000 | G19: =+'2021 Rfdg'!D19 -> 72650 | H19: =+'2024 Bldg'!B19 -> 1965000 | I19: =+'2024 Bldg'!D19 -> 2231475 | J19: =+'2024 Rfdg'!B19 -> 0 | K19: =+'2024 Rfdg'!D19 -> 98000 | L19: =+'2025 Bldg'!B20 -> 1165000 | M19: =+'2025 Bldg'!D20 -> 1615068.8 | N19: =+B19+D19+F19+H19+J19+L19 -> 5220000 | O19: =+C19+E19+G19+I19+K19+M19 -> 4819468.8 | P19: =+N19+O19 -> 10039469 | Q19: =+P18+P19 -> 14858938 | S19: =+Q29 -> 14946338
E20: =+'2019 Bldg'!D20 -> 773025 | G20: =+'2021 Rfdg'!D20 -> 54250 | I20: =+'2024 Bldg'!D20 -> 2182350 | K20: =+'2024 Rfdg'!D20 -> 98000 | M20: =+'2025 Bldg'!D21 -> 1585943.8 | O20: =+C20+E20+G20+I20+K20+M20 -> 4693568.8 | P20: =+N20+O20 -> 4693568.8 | S20: =+Q31 -> 14946838
A21: 47664 | D21: =+'2019 Bldg'!B21 -> 1230000 | E21: =+'2019 Bldg'!D21 -> 773025 | F21: =+'2021 Rfdg'!B21 -> 945000 | G21: =+'2021 Rfdg'!D21 -> 54250 | H21: =+'2024 Bldg'!B21 -> 2065000 | I21: =+'2024 Bldg'!D21 -> 2182350 | J21: =+'2024 Rfdg'!B21 -> 0 | K21: =+'2024 Rfdg'!D21 -> 98000 | L21: =+'2025 Bldg'!B22 -> 1220000 | M21: =+'2025 Bldg'!D22 -> 1585943.8 | N21: =+B21+D21+F21+H21+J21+L21 -> 5460000 | O21: =+C21+E21+G21+I21+K21+M21 -> 4693568.8 | P21: =+N21+O21 -> 10153569 | Q21: =+P20+P21 -> 14847138 | S21: =+Q33 -> 14941888
E22: =+'2019 Bldg'!D22 -> 754575 | G22: =+'2021 Rfdg'!D22 -> 35350 | I22: =+'2024 Bldg'!D22 -> 2130725 | K22: =+'2024 Rfdg'!D22 -> 98000 | M22: =+'2025 Bldg'!D23 -> 1555443.8 | O22: =+C22+E22+G22+I22+K22+M22 -> 4574093.8 | P22: =+N22+O22 -> 4574093.8 | S22: =+Q35 -> 13597288
A23: 48029 | D23: =+'2019 Bldg'!B23 -> 1265000 | E23: =+'2019 Bldg'!D23 -> 754575 | F23: =+'2021 Rfdg'!B23 -> 995000 | G23: =+'2021 Rfdg'!D23 -> 35350 | H23: =+'2024 Bldg'!B23 -> 2170000 | I23: =+'2024 Bldg'!D23 -> 2130725 | J23: =+'2024 Rfdg'!B23 -> 0 | K23: =+'2024 Rfdg'!D23 -> 98000 | L23: =+'2025 Bldg'!B24 -> 1280000 | M23: =+'2025 Bldg'!D24 -> 1555443.8 | N23: =+B23+D23+F23+H23+J23+L23 -> 5710000 | O23: =+C23+E23+G23+I23+K23+M23 -> 4574093.8 | P23: =+N23+O23 -> 10284094 | Q23: =+P22+P23 -> 14858188 | S23: =+Q37 -> 13595838
E24: =+'2019 Bldg'!D24 -> 735600 | G24: =+'2021 Rfdg'!D24 -> 15450 | I24: =+'2024 Bldg'!D24 -> 2076475 | K24: =+'2024 Rfdg'!D24 -> 98000 | M24: =+'2025 Bldg'!D25 -> 1523443.8 | O24: =+C24+E24+G24+I24+K24+M24 -> 4448968.8 | P24: =+N24+O24 -> 4448968.8 | S24: =+Q39 -> 13595288
A25: 48395 | D25: =+'2019 Bldg'!B25 -> 1300000 | E25: =+'2019 Bldg'!D25 -> 735600 | F25: =+'2021 Rfdg'!B25 -> 1030000 | G25: =+'2021 Rfdg'!D25 -> 15450 | H25: =+'2024 Bldg'!B25 -> 2275000 | I25: =+'2024 Bldg'!D25 -> 2076475 | J25: =+'2024 Rfdg'!B25 -> 0 | K25: =+'2024 Rfdg'!D25 -> 98000 | L25: =+'2025 Bldg'!B26 -> 1345000 | M25: =+'2025 Bldg'!D26 -> 1523443.8 | N25: =+B25+D25+F25+H25+J25+L25 -> 5950000 | O25: =+C25+E25+G25+I25+K25+M25 -> 4448968.8 | P25: =+N25+O25 -> 10398969 | Q25: =+P24+P25 -> 14847938 | S25: =+Q41 -> 13599938
E26: =+'2019 Bldg'!D26 -> 703100 | I26: =+'2024 Bldg'!D26 -> 2019600 | K26: =+'2024 Rfdg'!D26 -> 98000 | M26: =+'2025 Bldg'!D27 -> 1489818.8 | O26: =+C26+E26+G26+I26+K26+M26 -> 4310518.8 | P26: =+N26+O26 -> 4310518.8 | S26: =+Q43 -> 13593788
A27: 48760 | D27: =+'2019 Bldg'!B27 -> 1365000 | E27: =+'2019 Bldg'!D27 -> 703100 | H27: =+'2024 Bldg'!B27 -> 2390000 | I27: =+'2024 Bldg'!D27 -> 2019600 | J27: =+'2024 Rfdg'!B27 -> 1155000 | K27: =+'2024 Rfdg'!D27 -> 98000 | L27: =+'2025 Bldg'!B28 -> 1415000 | M27: =+'2025 Bldg'!D28 -> 1489818.8 | N27: =+B27+D27+F27+H27+J27+L27 -> 6325000 | O27: =+C27+E27+G27+I27+K27+M27 -> 4310518.8 | P27: =+N27+O27 -> 10635519 | Q27: =+P26+P27 -> 14946038 | S27: =+Q45 -> 13591362
E28: =+'2019 Bldg'!D28 -> 668975 | I28: =+'2024 Bldg'!D28 -> 1959850 | K28: =+'2024 Rfdg'!D28 -> 74900 | M28: =+'2025 Bldg'!D29 -> 1454443.8 | O28: =+C28+E28+G28+I28+K28+M28 -> 4158168.8 | P28: =+N28+O28 -> 4158168.8 | S28: =+Q47 -> 13601475
A29: 49125 | D29: =+'2019 Bldg'!B29 -> 1435000 | E29: =+'2019 Bldg'!D29 -> 668975 | H29: =+'2024 Bldg'!B29 -> 2510000 | I29: =+'2024 Bldg'!D29 -> 1959850 | J29: =+'2024 Rfdg'!B29 -> 1200000 | K29: =+'2024 Rfdg'!D29 -> 74900 | L29: =+'2025 Bldg'!B30 -> 1485000 | M29: =+'2025 Bldg'!D30 -> 1454443.8 | N29: =+B29+D29+F29+H29+J29+L29 -> 6630000 | O29: =+C29+E29+G29+I29+K29+M29 -> 4158168.8 | P29: =+N29+O29 -> 10788169 | Q29: =+P28+P29 -> 14946338 | S29: =+Q49 -> 13592588
E30: =+'2019 Bldg'!D30 -> 633100 | I30: =+'2024 Bldg'!D30 -> 1897100 | K30: =+'2024 Rfdg'!D30 -> 50900 | M30: =+'2025 Bldg'!D31 -> 1417318.8 | O30: =+C30+E30+G30+I30+K30+M30 -> 3998418.8 | P30: =+N30+O30 -> 3998418.8 | S30: =+Q51 -> 13590062
A31: 49490 | D31: =+'2019 Bldg'!B31 -> 1505000 | E31: =+'2019 Bldg'!D31 -> 633100 | H31: =+'2024 Bldg'!B31 -> 2635000 | I31: =+'2024 Bldg'!D31 -> 1897100 | J31: =+'2024 Rfdg'!B31 -> 1250000 | K31: =+'2024 Rfdg'!D31 -> 50900 | L31: =+'2025 Bldg'!B32 -> 1560000 | M31: =+'2025 Bldg'!D32 -> 1417318.8 | N31: =+B31+D31+F31+H31+J31+L31 -> 6950000 | O31: =+C31+E31+G31+I31+K31+M31 -> 3998418.8 | P31: =+N31+O31 -> 10948419 | Q31: =+P30+P31 -> 14946838 | S31: =+Q53 -> 13595625
E32: =+'2019 Bldg'!D32 -> 603000 | I32: =+'2024 Bldg'!D32 -> 1831225 | K32: =+'2024 Rfdg'!D32 -> 25900 | M32: =+'2025 Bldg'!D33 -> 1378318.8 | O32: =+C32+E32+G32+I32+K32+M32 -> 3838443.8 | P32: =+N32+O32 -> 3838443.8 | S32: =+Q55 -> 13592388
A33: 49856 | D33: =+'2019 Bldg'!B33 -> 1570000 | E33: =+'2019 Bldg'!D33 -> 603000 | H33: =+'2024 Bldg'!B33 -> 2765000 | I33: =+'2024 Bldg'!D33 -> 1831225 | J33: =+'2024 Rfdg'!B33 -> 1295000 | K33: =+'2024 Rfdg'!D33 -> 25900 | L33: =+'2025 Bldg'!B34 -> 1635000 | M33: =+'2025 Bldg'!D34 -> 1378318.8 | N33: =+B33+D33+F33+H33+J33+L33 -> 7265000 | O33: =+C33+E33+G33+I33+K33+M33 -> 3838443.8 | P33: =+N33+O33 -> 11103444 | Q33: =+P32+P33 -> 14941888 | S33: =+Q57 -> 13592850
E34: =+'2019 Bldg'!D34 -> 571600 | I34: =+'2024 Bldg'!D34 -> 1762100 | M34: =+'2025 Bldg'!D35 -> 1337443.8 | O34: =+C34+E34+G34+I34+K34+M34 -> 3671143.8 | P34: =+N34+O34 -> 3671143.8 | S34: =+Q59 -> 13593500
A35: 50221 | D35: =+'2019 Bldg'!B35 -> 1630000 | E35: =+'2019 Bldg'!D35 -> 571600 | H35: =+'2024 Bldg'!B35 -> 2905000 | I35: =+'2024 Bldg'!D35 -> 1762100 | L35: =+'2025 Bldg'!B36 -> 1720000 | M35: =+'2025 Bldg'!D36 -> 1337443.8 | N35: =+B35+D35+F35+H35+J35+L35 -> 6255000 | O35: =+C35+E35+G35+I35+K35+M35 -> 3671143.8 | P35: =+N35+O35 -> 9926143.8 | Q35: =+P34+P35 -> 13597288 | S35: =+Q61 -> 10818450
E36: =+'2019 Bldg'!D36 -> 539000 | I36: =+'2024 Bldg'!D36 -> 1689475 | M36: =+'2025 Bldg'!D37 -> 1294443.8 | O36: =+C36+E36+G36+I36+K36+M36 -> 3522918.8 | P36: =+N36+O36 -> 3522918.8 | S36: =+Q63 -> 10822462
A37: 50586 | D37: =+'2019 Bldg'!B37 -> 1695000 | E37: =+'2019 Bldg'!D37 -> 539000 | H37: =+'2024 Bldg'!B37 -> 3050000 | I37: =+'2024 Bldg'!D37 -> 1689475 | L37: =+'2025 Bldg'!B38 -> 1805000 | M37: =+'2025 Bldg'!D38 -> 1294443.8 | N37: =+B37+D37+F37+H37+J37+L37 -> 6550000 | O37: =+C37+E37+G37+I37+K37+M37 -> 3522918.8 | P37: =+N37+O37 -> 10072919 | Q37: =+P36+P37 -> 13595838 | S37: =+Q65 -> 10822550
E38: =+'2019 Bldg'!D38 -> 505100 | I38: =+'2024 Bldg'!D38 -> 1613225 | M38: =+'2025 Bldg'!D39 -> 1249318.8 | O38: =+C38+E38+G38+I38+K38+M38 -> 3367643.8 | P38: =+N38+O38 -> 3367643.8 | S38: =+Q67 -> 10818412
A39: 50951 | D39: =+'2019 Bldg'!B39 -> 1765000 | E39: =+'2019 Bldg'!D39 -> 505100 | H39: =+'2024 Bldg'!B39 -> 3200000 | I39: =+'2024 Bldg'!D39 -> 1613225 | L39: =+'2025 Bldg'!B40 -> 1895000 | M39: =+'2025 Bldg'!D40 -> 1249318.8 | N39: =+B39+D39+F39+H39+J39+L39 -> 6860000 | O39: =+C39+E39+G39+I39+K39+M39 -> 3367643.8 | P39: =+N39+O39 -> 10227644 | Q39: =+P38+P39 -> 13595288 | S39: =+Q69 -> 10819362
E40: =+'2019 Bldg'!D40 -> 469800 | I40: =+'2024 Bldg'!D40 -> 1533225 | M40: =+'2025 Bldg'!D41 -> 1201943.8 | O40: =+C40+E40+G40+I40+K40+M40 -> 3204968.8 | P40: =+N40+O40 -> 3204968.8 | S40: =+Q71 -> 4394187.5
A41: 51317 | D41: =+'2019 Bldg'!B41 -> 1835000 | E41: =+'2019 Bldg'!D41 -> 469800 | H41: =+'2024 Bldg'!B41 -> 3365000 | I41: =+'2024 Bldg'!D41 -> 1533225 | L41: =+'2025 Bldg'!B42 -> 1990000 | M41: =+'2025 Bldg'!D42 -> 1201943.8 | N41: =+B41+D41+F41+H41+J41+L41 -> 7190000 | O41: =+C41+E41+G41+I41+K41+M41 -> 3204968.8 | P41: =+N41+O41 -> 10394969 | Q41: =+P40+P41 -> 13599938
E42: =+'2019 Bldg'!D42 -> 433100 | I42: =+'2024 Bldg'!D42 -> 1449100 | M42: =+'2025 Bldg'!D43 -> 1152193.8 | O42: =+C42+E42+G42+I42+K42+M42 -> 3034393.8 | P42: =+N42+O42 -> 3034393.8 | S42: =SUM(S10:S41) -> 4.0888533e+08
A43: 51682 | D43: =+'2019 Bldg'!B43 -> 1905000 | E43: =+'2019 Bldg'!D43 -> 433100 | H43: =+'2024 Bldg'!B43 -> 3530000 | I43: =+'2024 Bldg'!D43 -> 1449100 | L43: =+'2025 Bldg'!B44 -> 2090000 | M43: =+'2025 Bldg'!D44 -> 1152193.8 | N43: =+B43+D43+F43+H43+J43+L43 -> 7525000 | O43: =+C43+E43+G43+I43+K43+M43 -> 3034393.8 | P43: =+N43+O43 -> 10559394 | Q43: =+P42+P43 -> 13593788
E44: =+'2019 Bldg'!D44 -> 395000 | I44: =+'2024 Bldg'!D44 -> 1360850 | M44: =+'2025 Bldg'!D45 -> 1097331.2 | O44: =+C44+E44+G44+I44+K44+M44 -> 2853181.2 | P44: =+N44+O44 -> 2853181.2
A45: 52047 | D45: =+'2019 Bldg'!B45 -> 1985000 | E45: =+'2019 Bldg'!D45 -> 395000 | H45: =+'2024 Bldg'!B45 -> 3705000 | I45: =+'2024 Bldg'!D45 -> 1360850 | L45: =+'2025 Bldg'!B46 -> 2195000 | M45: =+'2025 Bldg'!D46 -> 1097331.2 | N45: =+B45+D45+F45+H45+J45+L45 -> 7885000 | O45: =+C45+E45+G45+I45+K45+M45 -> 2853181.2 | P45: =+N45+O45 -> 10738181 | Q45: =+P44+P45 -> 13591362
E46: =+'2019 Bldg'!D46 -> 355300 | I46: =+'2024 Bldg'!D46 -> 1268225 | M46: =+'2025 Bldg'!D47 -> 1039712.5 | O46: =+C46+E46+G46+I46+K46+M46 -> 2663237.5 | P46: =+N46+O46 -> 2663237.5
A47: 52412 | D47: =+'2019 Bldg'!B47 -> 2065000 | E47: =+'2019 Bldg'!D47 -> 355300 | H47: =+'2024 Bldg'!B47 -> 3895000 | I47: =+'2024 Bldg'!D47 -> 1268225 | L47: =+'2025 Bldg'!B48 -> 2315000 | M47: =+'2025 Bldg'!D48 -> 1039712.5 | N47: =+B47+D47+F47+H47+J47+L47 -> 8275000 | O47: =+C47+E47+G47+I47+K47+M47 -> 2663237.5 | P47: =+N47+O47 -> 10938238 | Q47: =+P46+P47 -> 13601475
E48: =+'2019 Bldg'!D48 -> 314000 | I48: =+'2024 Bldg'!D48 -> 1170850 | M48: =+'2025 Bldg'!D49 -> 978943.75 | O48: =+C48+E48+G48+I48+K48+M48 -> 2463793.8 | P48: =+N48+O48 -> 2463793.8
A49: 52778 | D49: =+'2019 Bldg'!B49 -> 2145000 | E49: =+'2019 Bldg'!D49 -> 314000 | H49: =+'2024 Bldg'!B49 -> 4085000 | I49: =+'2024 Bldg'!D49 -> 1170850 | L49: =+'2025 Bldg'!B50 -> 2435000 | M49: =+'2025 Bldg'!D50 -> 978943.75 | N49: =+B49+D49+F49+H49+J49+L49 -> 8665000 | O49: =+C49+E49+G49+I49+K49+M49 -> 2463793.8 | P49: =+N49+O49 -> 11128794 | Q49: =+P48+P49 -> 13592588
E50: =+'2019 Bldg'!D50 -> 273781.25 | I50: =+'2024 Bldg'!D50 -> 1068725 | M50: =+'2025 Bldg'!D51 -> 915025 | O50: =+C50+E50+G50+I50+K50+M50 -> 2257531.2 | P50: =+N50+O50 -> 2257531.2
A51: 53143 | D51: =+'2019 Bldg'!B51 -> 2225000 | E51: =+'2019 Bldg'!D51 -> 273781.25 | H51: =+'2024 Bldg'!B51 -> 4290000 | I51: =+'2024 Bldg'!D51 -> 1068725 | L51: =+'2025 Bldg'!B52 -> 2560000 | M51: =+'2025 Bldg'!D52 -> 915025 | N51: =+B51+D51+F51+H51+J51+L51 -> 9075000 | O51: =+C51+E51+G51+I51+K51+M51 -> 2257531.2 | P51: =+N51+O51 -> 11332531 | Q51: =+P50+P51 -> 13590062
E52: =+'2019 Bldg'!D52 -> 232062.5 | I52: =+'2024 Bldg'!D52 -> 982925 | M52: =+'2025 Bldg'!D53 -> 847825 | O52: =+C52+E52+G52+I52+K52+M52 -> 2062812.5 | P52: =+N52+O52 -> 2062812.5
A53: 53508 | D53: =+'2019 Bldg'!B53 -> 2310000 | E53: =+'2019 Bldg'!D53 -> 232062.5 | H53: =+'2024 Bldg'!B53 -> 4465000 | I53: =+'2024 Bldg'!D53 -> 982925 | L53: =+'2025 Bldg'!B54 -> 2695000 | M53: =+'2025 Bldg'!D54 -> 847825 | N53: =+B53+D53+F53+H53+J53+L53 -> 9470000 | O53: =+C53+E53+G53+I53+K53+M53 -> 2062812.5 | P53: =+N53+O53 -> 11532812 | Q53: =+P52+P53 -> 13595625
E54: =+'2019 Bldg'!D54 -> 188750 | I54: =+'2024 Bldg'!D54 -> 893625 | M54: =+'2025 Bldg'!D55 -> 783818.75 | O54: =+C54+E54+G54+I54+K54+M54 -> 1866193.8 | P54: =+N54+O54 -> 1866193.8
A55: 53873 | D55: =+'2019 Bldg'!B55 -> 2395000 | E55: =+'2019 Bldg'!D55 -> 188750 | H55: =+'2024 Bldg'!B55 -> 4640000 | I55: =+'2024 Bldg'!D55 -> 893625 | L55: =+'2025 Bldg'!B56 -> 2825000 | M55: =+'2025 Bldg'!D56 -> 783818.75 | N55: =+B55+D55+F55+H55+J55+L55 -> 9860000 | O55: =+C55+E55+G55+I55+K55+M55 -> 1866193.8 | P55: =+N55+O55 -> 11726194 | Q55: =+P54+P55 -> 13592388
E56: =+'2019 Bldg'!D56 -> 128875 | I56: =+'2024 Bldg'!D56 -> 800825 | M56: =+'2025 Bldg'!D57 -> 716725 | O56: =+C56+E56+G56+I56+K56+M56 -> 1646425 | P56: =+N56+O56 -> 1646425
A57: 54239 | D57: =+'2019 Bldg'!B57 -> 2515000 | E57: =+'2019 Bldg'!D57 -> 128875 | H57: =+'2024 Bldg'!B57 -> 4825000 | I57: =+'2024 Bldg'!D57 -> 800825 | L57: =+'2025 Bldg'!B58 -> 2960000 | M57: =+'2025 Bldg'!D58 -> 716725 | N57: =+B57+D57+F57+H57+J57+L57 -> 10300000 | O57: =+C57+E57+G57+I57+K57+M57 -> 1646425 | P57: =+N57+O57 -> 11946425 | Q57: =+P56+P57 -> 13592850
E58: =+'2019 Bldg'!D58 -> 66000 | I58: =+'2024 Bldg'!D58 -> 704325 | M58: =+'2025 Bldg'!D59 -> 646425 | O58: =+C58+E58+G58+I58+K58+M58 -> 1416750 | P58: =+N58+O58 -> 1416750
A59: 54604 | D59: =+'2019 Bldg'!B59 -> 2640000 | E59: =+'2019 Bldg'!D59 -> 66000 | H59: =+'2024 Bldg'!B59 -> 5020000 | I59: =+'2024 Bldg'!D59 -> 704325 | L59: =+'2025 Bldg'!B60 -> 3100000 | M59: =+'2025 Bldg'!D60 -> 646425 | N59: =+B59+D59+F59+H59+J59+L59 -> 10760000 | O59: =+C59+E59+G59+I59+K59+M59 -> 1416750 | P59: =+N59+O59 -> 12176750 | Q59: =+P58+P59 -> 13593500
I60: =+'2024 Bldg'!D60 -> 603925 | M60: =+'2025 Bldg'!D61 -> 572800 | O60: =+C60+E60+G60+I60+K60+M60 -> 1176725 | P60: =+N60+O60 -> 1176725
A61: 54969 | H61: =+'2024 Bldg'!B61 -> 5220000 | I61: =+'2024 Bldg'!D61 -> 603925 | L61: =+'2025 Bldg'!B62 -> 3245000 | M61: =+'2025 Bldg'!D62 -> 572800 | N61: =+B61+D61+F61+H61+J61+L61 -> 8465000 | O61: =+C61+E61+G61+I61+K61+M61 -> 1176725 | P61: =+N61+O61 -> 9641725 | Q61: =+P60+P61 -> 10818450
I62: =+'2024 Bldg'!D62 -> 493000 | M62: =+'2025 Bldg'!D63 -> 495731.25 | O62: =+C62+E62+G62+I62+K62+M62 -> 988731.25 | P62: =+N62+O62 -> 988731.25
A63: 55334 | H63: =+'2024 Bldg'!B63 -> 5445000 | I63: =+'2024 Bldg'!D63 -> 493000 | L63: =+'2025 Bldg'!B64 -> 3400000 | M63: =+'2025 Bldg'!D64 -> 495731.25 | N63: =+B63+D63+F63+H63+J63+L63 -> 8845000 | O63: =+C63+E63+G63+I63+K63+M63 -> 988731.25 | P63: =+N63+O63 -> 9833731.2 | Q63: =+P62+P63 -> 10822462
I64: =+'2024 Bldg'!D64 -> 377293.75 | M64: =+'2025 Bldg'!D65 -> 406481.25 | O64: =+C64+E64+G64+I64+K64+M64 -> 783775 | P64: =+N64+O64 -> 783775
A65: 55700 | H65: =+'2024 Bldg'!B65 -> 5675000 | I65: =+'2024 Bldg'!D65 -> 377293.75 | L65: =+'2025 Bldg'!B66 -> 3580000 | M65: =+'2025 Bldg'!D66 -> 406481.25 | N65: =+B65+D65+F65+H65+J65+L65 -> 9255000 | O65: =+C65+E65+G65+I65+K65+M65 -> 783775 | P65: =+N65+O65 -> 10038775 | Q65: =+P64+P65 -> 10822550
I66: =+'2024 Bldg'!D66 -> 256700 | M66: =+'2025 Bldg'!D67 -> 312506.25 | O66: =+C66+E66+G66+I66+K66+M66 -> 569206.25 | P66: =+N66+O66 -> 569206.25
A67: 56065 | H67: =+'2024 Bldg'!B67 -> 5915000 | I67: =+'2024 Bldg'!D67 -> 256700 | L67: =+'2025 Bldg'!B68 -> 3765000 | M67: =+'2025 Bldg'!D68 -> 312506.25 | N67: =+B67+D67+F67+H67+J67+L67 -> 9680000 | O67: =+C67+E67+G67+I67+K67+M67 -> 569206.25 | P67: =+N67+O67 -> 10249206 | Q67: =+P66+P67 -> 10818412
I68: =+'2024 Bldg'!D68 -> 131006.25 | M68: =+'2025 Bldg'!D69 -> 213675 | O68: =+C68+E68+G68+I68+K68+M68 -> 344681.25 | P68: =+N68+O68 -> 344681.25
A69: 56430 | H69: =+'2024 Bldg'!B69 -> 6165000 | I69: =+'2024 Bldg'!D69 -> 131006.25 | L69: =+'2025 Bldg'!B70 -> 3965000 | M69: =+'2025 Bldg'!D70 -> 213675 | N69: =+B69+D69+F69+H69+J69+L69 -> 10130000 | O69: =+C69+E69+G69+I69+K69+M69 -> 344681.25 | P69: =+N69+O69 -> 10474681 | Q69: =+P68+P69 -> 10819362
M70: =+'2025 Bldg'!D71 -> 109593.75 | O70: =+C70+E70+G70+I70+K70+M70 -> 109593.75 | P70: =+N70+O70 -> 109593.75
A71: 56795 | L71: =+'2025 Bldg'!B72 -> 4175000 | M71: =+'2025 Bldg'!D72 -> 109593.75 | N71: =+B71+D71+F71+H71+J71+L71 -> 4175000 | O71: =+C71+E71+G71+I71+K71+M71 -> 109593.75 | P71: =+N71+O71 -> 4284593.8 | Q71: =+P70+P71 -> 4394187.5
B72: =SUM(B10:B71) -> 30000 | C72: =SUM(C10:C71) -> 890000 | D72: =SUM(D10:D71) -> 42095000 | E72: =SUM(E10:E71) -> 27241238 | F72: =SUM(F10:F71) -> 6450000 | G72: =SUM(G10:G71) -> 1246400 | H72: =SUM(H10:H71) -> 105230000 | I72: =SUM(I10:I71) -> 87631557 | ... Q72: =SUM(Q10:Q71) -> 4.0888533e+08

Sheet Repayment at 50 cents
A1: SALADO INDEPENDENT SCHOOL DISTRICT
A2: (Bell County, Texas)
A4: Debt Service Fund Cash Flow at 50 cent Tax Rate
A6: 45138
A9: Fisc Year | B9: Beginning I&S | C9: 50 cent I&S | D9: 2013 Rfdg Bonds | F9: 2019 Bldg Bonds | H9: 2021 Rfdg Bonds | J9: 2024 Bldg Bonds | L9: 2024 Rfdg Bonds | N9: Total Payments & Redemptions | P9: Ending I&S | X9: Net Taxable | Y9: %
A10: Ending | B10: Fund Balance | C10: Tax Levy | D10: Principal | E10: Interest | F10: Principal | G10: Interest | H10: Principal | I10: Interest | J10: Principal | K10: Interest | L10: Principal | M10: Interest | N10: Principal | O10: Interest | P10: Fund Balance | X10: Value | Y10: Growth
A11: 45838 | B11: 16771976 | C11: =(0.5/100*X11)*0.98 -> 8467047.8 | D11: =+'2013 Rfdg'!B11 -> 30000 | E11: =+'2013 Rfdg'!D11 -> 890000 | F11: =+'2019 Bldg'!B11 -> 960000 | G11: 1811800 | H11: =+'2021 Rfdg'!B11 -> 0 | I11: =+'2021 Rfdg'!D10+'2021 Rfdg'!D11 -> 247700 | J11: =+'2024 Bldg'!B11 -> 1705000 | K11: =+'2024 Bldg'!D10+'2024 Bldg'!D11 -> 4722306.5 | N11: =+#REF!+D11+#REF!+#REF!+F11+H11 -> #REF! | O11: =+#REF!+E11+#REF!+#REF!+G11+I11 -> #REF! | P11: =+B11+C11-N11-O11 -> #REF! | R11: =+#REF!-N11 -> #REF! | S11: =+N11+O11 -> #REF! | X11: 1727968935 | Y11: 0.09
A12: 46203 | B12: =+P11 -> #REF! | C12: =(0.5/100*X12)*0.98 -> 9144411.6 | F12: =+'2019 Bldg'!B13 -> 1010000 | G12: 1763800 | H12: =+'2021 Rfdg'!B13 -> 820000 | I12: =+'2021 Rfdg'!D12+'2021 Rfdg'!D13 -> 247700 | N12: =+#REF!+D12+#REF!+#REF!+F12+H12 -> #REF! | O12: =+#REF!+E12+#REF!+#REF!+G12+I12 -> #REF! | P12: =+B12+C12-N12-O12 -> #REF! | R12: =+R11-N12 -> #REF! | S12: =+N12+O12 -> #REF! | X12: =+X11*Y12+X11 -> 1.8662064e+09 | Y12: 0.08
A13: 46568 | B13: =+P12 -> #REF! | C13: =(0.5/100*X13)*0.98 -> 9784520.4 | F13: =+'2019 Bldg'!B15 -> 1060000 | G13: 1713300 | H13: =+'2021 Rfdg'!B15 -> 855000 | I13: =+'2021 Rfdg'!D14+'2021 Rfdg'!D15 -> 214900 | N13: =+#REF!+D13+#REF!+#REF!+F13+H13 -> #REF! | O13: =+#REF!+E13+#REF!+#REF!+G13+I13 -> #REF! | P13: =+B13+C13-N13-O13 -> #REF! | R13: =+R12-N13 -> #REF! | S13: =+N13+O13 -> #REF! | X13: =+X12*Y13+X12 -> 1.9968409e+09 | Y13: 0.07
A14: 46934 | B14: =+P13 -> #REF! | C14: =(0.5/100*X14)*0.98 -> 10371592 | F14: =+'2019 Bldg'!B17+27110000 -> 28225000 | G14: 1660300 | H14: =+'2021 Rfdg'!B17 -> 885000 | I14: =+'2021 Rfdg'!D16+'2021 Rfdg'!D17 -> 180700 | N14: =+#REF!+D14+#REF!+#REF!+F14+H14 -> #REF! | O14: =+#REF!+E14+#REF!+#REF!+G14+I14 -> #REF! | P14: =+B14+C14-N14-O14 -> #REF! | R14: =+R13-N14 -> #REF! | S14: =+N14+O14 -> #REF! | X14: =+X13*Y14+X13 -> 2.1166514e+09 | Y14: 0.06
A15: 47299 | B15: =+P14 -> #REF! | C15: =(0.5/100*X15)*0.98 -> 10890171 | F15: =+'2019 Bldg'!B19+8440000 -> 9610000 | G15: 461350 | H15: =+'2021 Rfdg'!B19 -> 920000 | I15: =+'2021 Rfdg'!D18+'2021 Rfdg'!D19 -> 145300 | N15: =+#REF!+D15+#REF!+#REF!+F15+H15 -> #REF! | O15: =+#REF!+E15+#REF!+#REF!+G15+I15 -> #REF! | P15: =+B15+C15-N15-O15 -> #REF! | R15: =+R14-N15 -> #REF! | S15: =+N15+O15 -> #REF! | X15: =+X14*Y15+X14 -> 2.2224839e+09 | Y15: 0.05
A16: 47664 | B16: =+P15 -> #REF! | C16: =(0.5/100*X16)*0.98 -> 11325778 | F16: 1230000 | G16: 36900 | H16: =+'2021 Rfdg'!B21 -> 945000 | I16: =+'2021 Rfdg'!D20+'2021 Rfdg'!D21 -> 108500 | N16: =+#REF!+D16+#REF!+#REF!+F16+H16 -> #REF! | O16: =+#REF!+E16+#REF!+#REF!+G16+I16 -> #REF! | P16: =+B16+C16-N16-O16 -> #REF! | R16: =+R15-N16 -> #REF! | S16: =+N16+O16 -> #REF! | X16: =+X15*Y16+X15 -> 2.3113833e+09 | Y16: 0.04
A17: 48029 | B17: =+P16 -> #REF! | C17: =(0.5/100*X17)*0.98 -> 11778809 | H17: =+'2021 Rfdg'!B23+1030000 -> 2025000 | I17: =+'2021 Rfdg'!D22+'2021 Rfdg'!D23 -> 70700 | N17: =+#REF!+D17+#REF!+#REF!+F17+H17 -> #REF! | O17: =+#REF!+E17+#REF!+#REF!+G17+I17 -> #REF! | P17: =+B17+C17-N17-O17 -> #REF! | R17: =+R16-N17 -> #REF! | S17: =+N17+O17 -> #REF! | X17: =+X16*Y17+X16 -> 2.4038386e+09 | Y17: =+Y16 -> 0.04
X18: =+X17*Y18+X17 -> 2.4999922e+09 | Y18: =+Y17 -> 0.04
A19: Note: Redemptions are noted in green. | X19: =+X18*Y19+X18 -> 2.5999918e+09 | Y19: =+Y18 -> 0.04
X20: =+X19*Y20+X19 -> 2.7039915e+09 | Y20: =+Y19 -> 0.04
X21: =+X20*Y21+X20 -> 2.8121512e+09 | Y21: =+Y20 -> 0.04
X22: =+X21*Y22+X21 -> 2.9246372e+09 | Y22: =+Y21 -> 0.04
X23: =+X22*Y23+X22 -> 3.0416227e+09 | Y23: =+Y22 -> 0.04
X24: =+X23*Y24+X23 -> 3.1632876e+09 | Y24: =+Y23 -> 0.04
X25: =+X24*Y25+X24 -> 3.2898191e+09 | Y25: =+Y24 -> 0.04
X26: =+X25*Y26+X25 -> 3.4214119e+09 | Y26: =+Y25 -> 0.04
